 Dungeon Crawl Stone Soup version 0.13-a0-3016-gcb2faac (webtiles) character file.

174 PolkaDot the Sneak (level 4, 0/28 HPs)
             Began as a Vampire Wizard on Sept 12, 2013.
             Slain by a gnoll
             ... wielding a +1,+2 spear
              (2 damage)
             ... on Level 3 of the Dungeon.
             The game lasted 00:05:24 (1832 turns).

PolkaDot the Sneak (Vampire Wizard)                 Turns: 1832, Time: 00:05:24

HP   0/28        AC  2     Str  6      XL: 4   Next: 29%
MP   1/12        EV 12     Int 21      God:
Gold 86          SH  0     Dex 12      Spells:  3 memorised,  2 levels left

Res.Fire  : . . .   See Invis. : +   d - +0 long sword
Res.Cold  : . . .   Warding    : .   a - +0 robe
Life Prot.: + . .   Conserve   : .   (no shield)
Res.Poison: .       Res.Corr.  : .   b - +0 wizard hat
Res.Elec. : .       Clarity    : .   (no cloak)
Sust.Abil.: . .     Spirit.Shd : .   (no gloves)
Res.Mut.  : .       Stasis     : .   (no boots)
Res.Rott. : .       Flight     : .   (no amulet)
Saprovore : . . .                    (no ring)
                                     (no ring)

@: slightly resistant to hostile enchantments, stealthy
A: fangs 3, see invisible, unbreathing
a: Bat Form


You were on level 3 of the Dungeon.
You were not thirsty.

You visited 1 branch of the dungeon, and saw 3 of its levels.

You collected 66 gold pieces.

Inventory:

Hand weapons
 d - a +0,+0 long sword (weapon)
Armour
 a - a +0 robe (worn)
 b - a +0 wizard hat (worn)
Scrolls
 e - a scroll of recharging {unknown}
 f - a scroll of identify {unknown}
 h - 2 scrolls of enchant armour {unknown}
 j - a scroll of remove curse {unknown}
 k - a scroll of curse armour {unknown}
Books
 c - a book of Minor Magic

   Spells                             Type                      Level
   *Magic Dart                        Conjuration                  1
   Blink                              Translocation                2
   Call Imp                           Summoning                    2
   Repel Missiles                     Charms/Air                   2
   Slow                               Hexes                        2
   *Conjure Flame                     Conjuration/Fire             3
   *Mephitic Cloud                    Conjuration/Poison/Air       3


   Skills:
 - Level 2.1 Dodging
 - Level 3.0 Stealth
 - Level 3.0 Spellcasting
 * Level 2.7 Conjurations
   Level 1.0 Summonings
   Level 0.7 Translocations
 + Level 1.5 Air Magic


You had 2 spell levels left.
You knew the following spells:

 Your Spells              Type           Power        Failure   Level  Hunger
a - Magic Dart            Conj           ##..         4%          1    None
d - Mephitic Cloud        Conj/Pois/Air  #.......     24%         3    ###....
s - Conjure Flame         Conj/Fire      #.......     24%         3    ###....


Dungeon Overview and Level Annotations

Branches:
Dungeon (3/27)

Altars:


Innate Abilities, Weirdness & Mutations

You have razor-sharp teeth.*
You have supernaturally acute eyesight.
You can survive without breathing.*


Message History

Press: ? - help, Shift-Dir - straight line, f - adder, p - gnoll
Aim: an adder (lightly wounded)
The magic dart hits the adder.
The adder is moderately wounded.
The adder bites you but does no damage. The gnoll misses you.
The adder misses you.
You miss the adder.
The adder is moderately wounded.
The gnoll hits you from afar with a spear.
The adder misses you. The gnoll closely misses you.
You barely miss the adder.
The adder is moderately wounded.
The adder closely misses you. The adder barely misses you.
The gnoll hits you from afar with a spear!
* * * LOW HITPOINT WARNING * * *
You hit the adder.
The adder is heavily wounded.
The adder barely misses you. The gnoll barely misses you. The adder misses you.
The gnoll hits you from afar with a spear.
You die...

######### #........# #........#
#........+ #....)...# #......(.#
######g### #######.# #....S@.#
####... ##.########## #......[
######## #...........### #.......
.......###.............# #.......
.......'.#...........#.# #.......
.......#.............#.###.......
......<###...........#...#.......
.......# #...........###.'.......
.......# #...........# ###.......


You could see a gnoll and an adder.

Vanquished Creatures
  Terence (D:2)
  2 adders (D:2)
  2 gnolls (D:3)
  A worm (D:2)
  A giant gecko (D:2)
  An ooze (D:2)
  2 ball pythons (D:3)
  3 hobgoblins (D:1)
  5 kobolds
  7 bats
  2 giant cockroaches
  3 giant newts
  3 goblins (D:1)
  3 rats
36 creatures vanquished.

Notes
Turn   | Place    | Note
--------------------------------------------------------------
     0 | D:1      | PolkaDot, the Vampire Wizard, began the quest for the Orb.
     0 | D:1      | Reached XP level 1. HP: 11/11 MP: 6/6
    71 | D:1      | Reached skill level 1 in Conjurations
   485 | D:1      | Reached XP level 2. HP: 17/17 MP: 5/8
   806 | D:2      | Reached XP level 3. HP: 14/22 MP: 1/10
   816 | D:2      | Learned a level 3 spell: Conjure Flame
   820 | D:2      | Learned a level 3 spell: Mephitic Cloud
   922 | D:2      | Noticed Terence
   945 | D:2      | Killed Terence
  1248 | D:2      | Reached skill level 1 in Air Magic
  1748 | D:3      | Reached XP level 4. HP: 28/28 MP: 8/12
  1832 | D:3      | Slain by a gnoll

Action                   |  1- 3 |  4- 6 || total
-------------------------+-------+-------++-------
Melee: Unarmed           |     1 |       ||     1
       Dagger            |    24 |       ||    24
       Long sword        |     3 |     8 ||    11
 Cast: Magic Dart        |    70 |    10 ||    80
       Mephitic Cloud    |     1 |     1 ||     2
  Use: Potion            |     1 |     3 ||     4
 Stab: Sleeping          |     2 |       ||     2
       Confused          |     1 |       ||     1
